 Dungeon Crawl Stone Soup version 0.23.1 (webtiles) character file.

Game seed: 12115868374284250608

3901 DarkinPup the Slasher (level 10, -13/77 HPs)
             Began as a Demonspawn Gladiator on Mar 15, 2019.
             Was a Believer of Fedhas.
             Killed by divine providence
             ... invoked by an orc priest
              (17 damage)
             ... on level 9 of the Dungeon.
             The game lasted 00:18:31 (7368 turns).

DarkinPup the Slasher (Demonspawn Gladiator)        Turns: 7368, Time: 00:18:32

Health: -13/77     AC: 20    Str: 20    XL:     10   Next: 0%
Magic:  10/10      EV: 11    Int: 18    God:    Fedhas [**....]
Gold:   169        SH:  0    Dex: 15    Spells: 9/9 levels left

rFire    . . .     SeeInvis .   a - +0 long sword
rCold    . . .     Gourm    .   (no shield)
rNeg     . . .     Faith    +   h - +0 plate armour
rPois    .         Spirit   .   v - +0 helmet {Int+3}
rElec    .         Reflect  .   m - +0 cloak
rCorr    .         Harm     .   o - +0 pair of gloves
MR       .....                  (boots unavailable)
Stlth    ..........             s - amulet of faith
HPRegen  0.22/turn              i - +2 ring of evasion
MPRegen  0.12/turn              G - +4 ring of intelligence

@: no status effects
A: hooves 3, slimy green scales 2, clever 1, strong 1, evolution 1
a: Fungal Bloom, Sunlight, Evolution, Renounce Religion


You were on level 9 of the Dungeon.
You worshipped Fedhas.
Fedhas was pleased with you.
You were hungry.

You visited 2 branches of the dungeon, and saw 9 of its levels.

You collected 411 gold pieces.
You spent 242 gold pieces at shops.

Inventory:

Hand Weapons
 a - a +0 long sword (weapon)
Armour
 h - a +0 plate armour (worn)
 m - a +0 cloak (worn)
 o - a +0 pair of gloves (worn)
 v - a +0 helmet of intelligence (worn)
Jewellery
 i - a +2 ring of evasion (left hand)
 s - an amulet of faith (around neck)
 y - an uncursed ring of flight
 G - a +4 ring of intelligence (right hand)
Wands
 x - a wand of random effects (34)
 I - a wand of iceblast (9)
Scrolls
 b - a scroll of random uselessness {unknown}
 g - 2 scrolls of noise
 k - a scroll of teleportation
 l - a scroll of enchant weapon {unknown}
 q - 3 scrolls of amnesia {unknown}
 t - 5 scrolls of remove curse
 u - a scroll of enchant armour
 z - a scroll of fear {unknown}
 B - a scroll of fog {unknown}
 D - a scroll of vulnerability {unknown}
 F - a scroll of blinking {unknown}
 H - 4 scrolls of identify
Potions
 c - a potion of invisibility
 e - 2 potions of ambrosia
 j - 2 potions of agility
 n - a potion of heal wounds
 p - 3 potions of curing
 r - 2 potions of lignification
 w - 2 potions of resistance {unknown}
 A - 3 potions of might
 C - 2 potions of degeneration {unknown}
 E - 3 potions of flight {unknown}
 J - a potion of cancellation {unknown}
Comestibles
 f - 17 rations


   Skills:
 + Level 6.9 Fighting
 * Level 7.6 Long Blades
 - Level 1.7 Throwing
 + Level 7.0 Armour
 + Level 6.6 Dodging


You had 9 spell levels left.
You didn't know any spells.
Your spell library contained the following spells:

 Spells                   Type           Power        Failure   Level  Hunger
 Animate Skeleton         Necr           N/A          99%         1    ##.....
 Apportation              Tloc           #.....       99%         1    ##.....
 Confusing Touch          Hex            #.....       99%         1    ##.....
 Summon Small Mammal      Summ           #...         99%         1    ##.....
 Confuse                  Hex            #.......     100%        3    ####...
 Gell's Gravitas          Tloc           #.........   100%        3    ####...
 Petrify                  Tmut/Erth      #.......     100%        4    #####..
 Metabolic Englaciation   Hex/Ice        #.........   100%        5    ######.
 Yara's Violent Unravell  Hex/Tmut       #.........   100%        5    ######.


Dungeon Overview and Level Annotations

Branches:
Dungeon (7/15)             Temple (1/1) D:4             Orc (0/2) D:9

Altars:
Ashenzari
Cheibriados
Dithmenos
Elyvilon
Fedhas
Gozag
Hepliaklqana
Kikubaaqudgha
Makhleb
Nemelex Xobeh
Okawaru
Qazlal
Ru
Sif Muna
Trog
Uskayaw
Vehumet
Wu Jian
Xom
Yredelemnul
Zin
The Shining One

Shops:
D:5 (*((!


Innate Abilities, Weirdness & Mutations

You have hooves in place of feet.
You are mostly covered in slimy green scales. (AC +3)
Your mind is acute. (Int +2)
Your muscles are strong. (Str +2)
You evolve.


Message History

You hit the two-headed ogre but do no damage.
Your kick misses the two-headed ogre.
The two-headed ogre hits you with a +0 giant club.
The two-headed ogre hits you but does no damage.
You hit the two-headed ogre. You kick the two-headed ogre.
The two-headed ogre is lightly wounded.
The two-headed ogre hits you with a +0 giant club!
* * * LOW HITPOINT WARNING * * *
The two-headed ogre hits you but does no damage.
You closely miss the two-headed ogre.
The two-headed ogre is lightly wounded.
The howler monkey hoots and howls with incredible vigour!
A phantom comes into view.
The two-headed ogre hits you but does no damage.
The two-headed ogre hits you with a +0 giant spiked club!!
* * * LOW HITPOINT WARNING * * *
The orc priest invokes the aid of Beogh against you.
Beogh smites you!
You die...
Fedhas appreciates your contribution to the ecosystem.

....# ....####### ###.g.....#
#..h....# #.......# #.......#
#.......#
#.....Wo#######################
#.....gho.hhO.@.........>......
#......g######################.
#.......# #......#########.
#.......# #...##...........
#.......# #...#############
####.#### #.......... #.#
#..######## #.# #..# #.# #..#


You could see a two-headed ogre, a howler monkey, a hound, an orc priest, an orc
wizard, a gnoll and a jackal.

Vanquished Creatures
  A troll (D:9)
  A hippogriff (D:9)
  Sigmund (D:2)
  4 hogs (D:7)
  A human (D:7)
  A hungry ghost (D:7)
  Edmund (D:4)
  A water moccasin (D:9)
  2 sky beasts
  An ice beast (D:7)
  An ogre (D:6)
  2 centaurs (D:6)
  3 bullfrogs
  A wyvern zombie (D:6)
  4 scorpions
  2 howler monkeys (D:7)
  4 crimson imps
  3 bullfrog zombies
  A bullfrog skeleton (D:7)
  6 hounds
  A jelly (D:5)
  A quasit (D:7)
  2 orc priests
  A gnoll shaman (D:4)
  Jessica (D:2)
  Terence (D:3)
  Natasha (thrice) (D:4)
  An iguana (D:5)
  6 worker ants
  18 gnolls
  8 adders
  2 shadow imps
  3 oozes
  2 worms
  A dart slug (D:1)
  9 leopard geckos
  19 orcs
  A ball python (D:2)
  4 giant cockroaches
  10 goblins
  11 hobgoblins
  7 jackals (D:6)
  10 kobolds
  3 quokkas
  7 bats
  2 frilled lizards
  2 leopard gecko skeletons
  7 rats
184 creatures vanquished.

Vanquished Creatures (others)
  63 toadstools
63 creatures vanquished.

Grand Total: 247 creatures vanquished

Notes
Turn   | Place    | Note
-------+----------+-------------------------------------------
     0 | D:1      | DarkinPup the Demonspawn Gladiator began the quest for the
                  | Orb.
     0 | D:1      | Reached XP level 1. HP: 16/16 MP: 1/1
   326 | D:1      | Gained mutation: You are partially covered in slimy green
                  | scales. (AC +2) [demonic ancestry]
   326 | D:1      | Reached XP level 2. HP: 15/22 MP: 2/2
   639 | D:1      | Reached skill level 1 in Armour
   648 | D:1      | Reached XP level 3. HP: 11/28 MP: 3/3
  1210 | D:2      | Found a faded altar of an unknown god.
  1307 | D:2      | Noticed Sigmund
  1328 | D:2      | Killed Sigmund
  1328 | D:2      | Reached XP level 4. HP: 25/35 MP: 4/4
  1328 | D:2      | Reached XP level 5. HP: 29/41 MP: 5/5
  1619 | D:2      | Noticed Jessica
  1629 | D:2      | Killed Jessica
  1629 | D:2      | Gained mutation: You have large cloven feet. [demonic
                  | ancestry]
  1629 | D:2      | Reached XP level 6. HP: 44/47 MP: 6/6
  1712 | D:2      | Found a glowing silver altar of Zin.
  1712 | D:2      | Noticed an angel
  1945 | D:3      | Noticed Terence
  1966 | D:3      | Killed Terence
  2516 | D:3      | Found a stormy altar of Qazlal.
  2750 | D:4      | Noticed Edmund
  2772 | D:4      | Killed Edmund
  2772 | D:4      | Gained mutation: You are mostly covered in slimy green
                  | scales. (AC +3) [demonic ancestry]
  2772 | D:4      | Reached XP level 7. HP: 45/52 MP: 7/7
  2904 | D:4      | Noticed Natasha
  2911 | D:4      | Killed Natasha
  3051 | D:4      | Found a staircase to the Ecumenical Temple.
  3114 | Temple   | Entered the Ecumenical Temple
  3195 | Temple   | Became a worshipper of Fedhas Madash
  3255 | D:4      | Noticed Natasha
  3263 | D:4      | Killed Natasha
  3302 | D:4      | Found a white marble altar of Elyvilon.
  3344 | D:4      | Noticed Natasha
  3352 | D:4      | Killed Natasha
  3352 | D:4      | Reached skill level 5 in Long Blades
  3390 | D:5      | Entered Level 5 of the Dungeon
  3455 | D:5      | Found Gicu's Weapon Shoppe.
  3479 | D:5      | Found Nuwkon's Weapon Emporium.
  3505 | D:5      | Found a bloodstained altar of Trog.
  3525 | D:5      | Found Ymuclock's General Store.
  3874 | D:5      | Found Peij's Antique Weapon Boutique.
  4020 | D:5      | Bought 2 potions of curing for 78 gold pieces
  4020 | D:5      | Bought a potion of might for 52 gold pieces
  4337 | D:5      | Found Qaxin's Distillery.
  4340 | D:5      | Bought a potion of mutation for 112 gold pieces
  4340 | D:5      | Gained mutation: You evolve. [potion of mutation]
  4340 | D:5      | Gained mutation: Your mind is acute. (Int +2) [potion of
                  | mutation]
  4340 | D:5      | Gained mutation: Your muscles are strong. (Str +2) [potion
                  | of mutation]
  4464 | D:4      | Gained mutation: You have hoof-like feet. [demonic
                  | ancestry]
  4464 | D:4      | Reached XP level 8. HP: 56/60 MP: 8/8
  4610 | D:5      | Reached * piety under Fedhas
  4737 | D:6      | Reached skill level 5 in Armour
  4807 | D:6      | Found a hazy altar of Hepliaklqana.
  4807 | D:6      | Found a deep blue altar of Sif Muna.
  4823 | D:6      | Found a snail-covered altar of Cheibriados.
  4829 | D:6      | Found a shadowy altar of Dithmenos.
  4830 | D:6      | Found an iron altar of Okawaru.
  4966 | D:6      | Reached skill level 5 in Fighting
  4966 | D:6      | Reached skill level 5 in Dodging
  5196 | D:6      | Reached ** piety under Fedhas
  5464 | D:7      | Gained mutation: You have hooves in place of feet. [demonic
                  | ancestry]
  5464 | D:7      | Reached XP level 9. HP: 63/68 MP: 9/9
  5485 | D:7      | Found a burning altar of Makhleb.
  5888 | D:7      | Found an ornate altar of the Wu Jian Council.
  5929 | D:7      | Found a shimmering altar of Xom.
  5930 | D:7      | Found a shimmering altar of Xom.
  5931 | D:7      | Found a shimmering altar of Xom.
  6559 | D:7      | You fall through a shaft for 2 floors!
  6588 | D:9      | Noticed a two-headed ogre
  6607 | D:9      | HP: 3/71 [water moccasin (2)]
  6941 | D:9      | Noticed a troll
  6954 | D:9      | Killed a troll
  7260 | D:9      | Found a staircase to the Orcish Mines.
  7333 | D:9      | Reached XP level 10. HP: 77/77 MP: 10/10
  7368 | D:9      | Killed from afar by an orc priest

Skill      XL: |  1  2  3  4  5  6  7  8  9 |
---------------+----------------------------+-----
Long Blades    | 3 4 5 6 7 |  7.6
Armour         | 1 2 3 4 5 7 |  7.0
Dodging        | 3 4 5 6 |  6.6
Fighting       | 3 4 5 6 |  6.9
Throwing       | |  1.7

Action                   |  1- 3 |  4- 6 |  7- 9 | 10-12 || total
-------------------------+-------+-------+-------+-------++-------
Melee: Long sword        |   134 |   161 |   440 |     7 ||   742
       Kick              |       |    54 |   207 |     4 ||   265
Throw: Throwing net      |     1 |       |     3 |       ||     4
Invok: Fungal Bloom      |       |       |    18 |       ||    18
  Use: Scroll            |       |     5 |     6 |       ||    11
       Potion            |       |       |     1 |       ||     1
 Stab: Held in net/web   |     1 |       |     2 |       ||     3
  Eat: Chunk             |     1 |     5 |     7 |       ||    13
       Ration            |       |       |     5 |       ||     5
Armor: Leather armour    |     2 |       |       |       ||     2
       Plate armour      |    84 |   112 |   382 |    10 ||   588
Dodge: Dodged            |    50 |    95 |   337 |     6 ||   488
       Rpst.: Long sword |    16 |    29 |   115 |     1 ||   161
